 Dungeon Crawl Stone Soup version 0.29-a0-9-g022ca4c890 (webtiles) character file.

Game seed: 11226137595924089505

52 freelancePsychic the Firebug (level 3, -4/26 HPs)
             Began as a Demonspawn Fire Elementalist on Jan 28, 2022.
             Slain by an orc priest (6 damage)
             ... on level 2 of the Dungeon.
             The game lasted 00:03:11 (1799 turns).

freelancePsychic the Firebug (DsFE)                 Turns: 1799, Time: 00:03:12

Health: -4/26      AC:  2    Str:  8    XL:     3   Next: 60%
Magic:  0/6        EV: 12    Int: 18    God:
Gold:   63         SH:  0    Dex: 13    Spells: 3/6 levels left

rFire   . . .      SeeInvis .   e - +2 dagger (speed)
rCold   . . .      Faith    .   (no shield)
rNeg    . . .      Spirit   .   a - +0 robe
rPois   .          Reflect  .   (no helmet)
rElec   .          Harm     .   (no cloak)
rCorr   .          Rampage  .   (no gloves)
Will    .....                   (no boots)
Stlth   +.........              (no amulet)
HPRegen 0.08/turn               (no ring)
MPRegen 0.10/turn               (no ring)

@: confused, very slightly contaminated
A: ignite blood 1
a: no special abilities


You were on level 2 of the Dungeon.
You visited 1 branch of the dungeon, and saw 2 of its levels.

You collected 63 gold pieces.

Inventory:

Hand Weapons
 e - a +2 dagger of speed (weapon)
Armour
 a - a +0 robe (worn)
Scrolls
 b - a scroll of teleportation {unknown}
 c - a scroll of amnesia {unknown}
 d - a scroll of identify {unknown}
 f - a scroll of magic mapping {unknown}
 h - a scroll of enchant armour {unknown}
Potions
 g - a potion of heal wounds {unknown}


   Skills:
 + Level 1.3 Fighting
 - Level 1.7 Dodging
 - Level 1.7 Stealth
 + Level 2.4 Spellcasting
 - Level 1.5 Conjurations
 * Level 3.4 Fire Magic


You had 3 spell levels left.
You knew the following spells:

 Your Spells              Type           Power      Damage    Failure   Level
a - Foxfire               Conj/Fire      44%        2x1d6     6%          1
b - Scorch                Fire           28%        2d6       6%          2

Your spell library contained the following spells:

 Spells                   Type           Power      Damage    Failure   Level
 Conjure Flame            Conj/Fire      11%        6-21      19%         3
 Inner Flame              Hex/Fire       8%         N/A       26%         3
 Flame Wave               Conj/Fire      11%        2d5       52%         4


Dungeon Overview and Level Annotations

Branches:
Dungeon (2/15)

Altars:
Xom


Innate Abilities, Weirdness & Mutations

Your demonic aura sometimes causes spilled blood to erupt in flames.


Message History

There is a stone staircase leading up here.
You climb upwards.
There is a stone staircase leading down here.
There is a stone staircase leading down here.
You climb downwards.
Found a stone staircase leading down.
There is a stone staircase leading up here.
A rat is nearby!
The rat misses you.
You closely miss the rat.
The orc shouts!
You hit the rat.
You kill the rat!
The orc throws a boomerang.
The boomerang misses you.
Casting: Scorch (safe; 6% risk of failure)
Confirm with . or Enter, or press ? or * to list all spells.
Nothing appears to happen.
The orc throws a boomerang.
The boomerang hits you.
Casting: Scorch (safe; 6% risk of failure)
Confirm with . or Enter, or press ? or * to list all spells.
Nothing appears to happen.
Casting: Scorch (safe; 6% risk of failure)
Confirm with . or Enter, or press ? or * to list all spells.
You miscast Scorch.
You are very lightly contaminated with residual magic.
Nothing appears to happen.
The orc wizard gestures wildly while chanting.
The orc wizard flickers and vanishes!
Deactivating autopickup; reactivate with Ctrl-A.
The orc priest shouts!
You are confused.
There is a stone staircase leading up here.
The orc barely misses you.
In your confused state, you trip and fall back down the stairs.
The orc closely misses you. The orc hits you with a +0 whip.
The orc hits you with a +0 flail. The orc misses you.
In your confused state, you trip and fall back down the stairs.
The orc hits you with a +0 flail!
* * * LOW HITPOINT WARNING * * *
The orc priest hits you with a +0 short sword.
You die...

#.#.#.#.......#..÷....)
#.#.#.#.......#.#####..
#..... .......#. ##.
##...#.#.≈...≈.# #..
.......#.o..... #..
#....>......... #.#
#............# #.
.......oo..# #.
#.....@o..# #.....○o..#
#.........# #.........#
#..........#
..#........# #
#####..##.. .... ..#
..... .#


You could see 2 orc priests and 3 orcs.

Vanquished Creatures
  A worm (D:2)
  A dart slug (D:1)
  An orc (D:2)
  A ball python (D:1)
  2 giant cockroaches (D:1)
  2 goblins (D:1)
  A hobgoblin (D:1)
  4 jackals (D:2)
  8 quokkas
  A bat (D:1)
  A frilled lizard (D:1)
  25 rats
48 creatures vanquished.

Vanquished Creatures (others)
  72 foxfires
72 creatures vanquished.

Grand Total: 120 creatures vanquished

Notes
Turn   | Place    | Note
-------+----------+-------------------------------------------
     0 | D:1      | freelancePsychic the Demonspawn Fire Elementalist began the
                  | quest for the Orb.
     0 | D:1      | Reached XP level 1. HP: 13/13 MP: 3/3
   401 | D:1      | Gained mutation: Your demonic aura sometimes causes spilled
                  | blood to erupt in flames. [demonic ancestry]
   401 | D:1      | Reached XP level 2. HP: 16/20 MP: 0/5
   409 | D:1      | Reached skill level 3 in Fire Magic
   888 | D:1      | Found a faded altar of an unknown god.
   928 | D:1      | Learned a level 2 spell: Scorch
  1274 | D:2      | Reached skill level 1 in Fighting
  1274 | D:2      | Reached XP level 3. HP: 26/26 MP: 2/6
  1355 | D:2      | Found a shimmering altar of Xom.
  1799 | D:2      | Slain by an orc priest

Illustrated notes

Levels and vault maps discovered:
D:1:      co_arrival_random_square_maze, layout_loops_ring,
          shapermc_ecumenical_altar_venn
D:2:      cheibrodos_pilgrimage, layout_rooms, basic_altar, minmay_rat_hole

Skill      XL: |  1  2 |
---------------+-------+-----
Fire Magic     | 3 |  3.4
Fighting       | 1 |  1.3
Dodging        | |  1.7
Stealth        | |  1.7
Spellcasting   | |  2.4
Conjurations   | |  1.5

Action                   || total
-------------------------++-------
Melee: Unarmed           ||     2
       Dagger            ||    59
 Cast: Foxfire           ||    42
       Scorch            ||     6
 Stab: Sleeping          ||     2
Armor: Robe              ||     5
Dodge: Dodged            ||    46

Table legend: (Time is in decaauts)
 A = Elapsed time spent in this place.
 B = Non-inter-level travel time spent in this place.
 C = Inter-level travel time spent in this place.
 D = Time resting spent in this place.
 E = Time spent auto-exploring this place.
 F = Levels seen in this place.
 G = Mean time per level.
                   A        B        C        D        E       F      G
               +--------+--------+--------+--------+--------+-----+--------+
         Total |   1780 |   1727 |     53 |      0 |   1416 |   2 |  890.0 |
       Dungeon |   1780 |   1727 |     53 |      0 |   1416 |   2 |  890.0 |
               +--------+--------+--------+--------+--------+-----+--------+

Top non-repeatable levels by time:
     D:1: 1217 daAuts
     D:2: 562 daAuts
